Map: Deathaura LE

Players

Future

  • Race: Terran Terran
  • League: Master
  • Spawn Location: 5:00

Scarlett - Winner!

  • Race: Zerg Zerg
  • League: Master
  • Spawn Location: 11:00

Event: DreamHack SC2 Masters 2020 Winter

VOD

https://youtu.be/qjAcqqIJudo

Description

Time

  • Played on: Nov. 7, 2020, 3:42 p.m.
  • Length: 6:52
Show
View Real Time Build Order
Export as new Build Order

Future Terran 

Build Orders:  

Get SALT Encoding   

  12  0:00  SCV  
  13  0:12  SCV  
  14  0:18  Supply Depot  
  14  0:24  SCV  
  15  0:40  Barracks  
  15  0:52  Barracks  
  15  1:06  Barracks  
  15  1:09  SCV  
  16  1:22  SCV  
  17  1:27  Marine  
  17  1:32  Supply Depot  
  18  1:39  Marine  
  20  1:44  Marine  
  20  1:53  Marine  
  21  1:57  Marine  
  21  1:58  Bunker  
  22  2:02  Marine  
  22  2:03  Bunker  
  23  2:11  Marine  
  24  2:16  Marine  
  24  2:20  Marine  
  26  2:27  Supply Depot  
  26  2:29  Marine  
  27  2:34  Marine  
  28  2:38  Marine  
  29  2:47  Marine  
  29  2:48  Orbital Command  
  30  2:55  Marine  
  31  3:04  Refinery  
  31  3:08  Refinery  
  30  3:13  SCV  
  30  3:15  Marine  
  30  3:17  Marine  
  33  3:21  Marine  
  34  3:33  Marine  
  28  3:38  SCV  
  28  3:40  Marine  
  30  3:49  Barracks Tech Lab  
  30  3:50  SCV  
  30  3:53  Barracks Tech Lab  
  31  3:59  Barracks Tech Lab  
  31  4:02  Supply Depot  
  32  4:10  Marauder  
  32  4:12  Concussive Shells  
  33  4:18  Marauder  
  35  4:28  Marauder  
  34  4:35  Marauder  
  28  4:43  Marauder  
  28  4:49  Marauder  
  30  4:56  Marauder  
  32  5:01  SCV  
  32  5:04  Marauder  
  32  5:17  Marauder  
  34  5:23  Marauder  
  34  5:25  SCV  
  33  5:32  Marauder  
  31  5:41  Marauder  
  33  5:45  Marauder  
  35  5:53  Marauder  
  37  6:03  Marauder  
  39  6:11  Marauder  
  41  6:26  Marine x2  
Show
View Real Time Build Order
Export as new Build Order

Scarlett Zerg - Winner!

Build Orders: Hatch First, Ravager All-In 

Get SALT Encoding   

  12  0:00  Drone  
  13  0:12  Overlord  
  13  0:16  Drone  
  14  0:30  Drone x2  
  16  0:46  Hatchery  
  15  0:50  Drone  
  15  0:54  Drone  
  18  0:57  Drone  
  18  1:08  Extractor  
  17  1:11  Spawning Pool  
  17  1:15  Drone  
  17  1:18  Drone  
  18  1:30  Drone  
  19  1:41  Drone  
  20  1:49  Drone  
  21  1:55  Extractor  
  21  1:58  Queen x2, Roach Warren  
  24  2:01  Zergling x2  
  24  2:05  Drone  
  25  2:12  Zergling x2  
  25  2:14  Overlord  
  26  2:23  Drone  
  27  2:38  Roach x3  
  27  2:42  Roach  
  35  2:44  Overlord  
  35  2:53  Overlord  
  35  2:54  Drone  
  36  3:03  Ravager x2  
  36  3:04  Overlord  
  38  3:16  Ravager  
  38  3:19  Drone  
  40  3:20  Ravager  
  41  3:32  Roach  
  38  3:38  Queen  
  38  3:41  Roach  
  42  3:51  Roach  
  44  3:59  Ravager  
  45  4:04  Ravager  
  46  4:13  Drone x2, Queen  
  50  4:18  Ravager  
  43  4:36  Roach  
  43  4:38  Extractor  
  35  4:42  Drone, Hatchery  
  35  4:43  Drone  
  37  4:48  Drone x3  
  37  4:52  Queen  
  40  4:57  Roach  
  41  5:01  Ravager  
  42  5:09  Roach  
  44  5:15  Hatchery  
  41  5:28  Roach x3  
  42  5:35  Ravager  
  41  5:37  Roach  
  41  5:38  Roach  
  41  5:45  Queen  
  41  5:47  Ravager  
  41  5:48  Ravager  
  44  5:52  Ravager  
  45  5:59  Overlord  
  45  6:00  Drone  
  46  6:06  Ravager  
  46  6:09  Queen  
  50  6:12  Roach, Zergling x4  
  50  6:13  Zergling x2  
  50  6:14  Spine Crawler  
  54  6:24  Zergling x2  
  54  6:25  Zergling x6  
  58  6:26  Ravager  
Tags
 
Add a new tag
Caveats
  • Supply blocks, unpowered buildings, or Contaminate may cause inaccurate times.
  • Supply counts are checked every 10 seconds.